 Dungeon Crawl Stone Soup version 0.21-a0-39-g28ea6b7 (webtiles) character file.

75954 KristoblXynda the Tortoise (level 15, -5/126 HPs)
             Began as a Minotaur Berserker on May 30, 2017.
             Was the Champion of Trog.
             Slain by an orc warrior
             ... wielding a +0 trident
              (14 damage)
             ... on level 2 of the Orcish Mines.
             The game lasted 00:56:57 (18813 turns).

KristoblXynda the Tortoise (Minotaur Berserker)    Turns: 18813, Time: 00:56:58

Health: -5/126     AC: 34    Str: 24    XL:     15   Next: 11%
Magic:  5/5        EV: 12    Int:  4    God:    Trog [******]
Gold:   1797       SH: 14    Dex: 14    Spells: 14/14 levels left

rFire    . . .     SeeInvis .   P - +3 broad axe (antimagic)
rCold    + . .     Gourm    .   m - +0 shield
rNeg     . . .     Faith    .   e - +3 plate armour {rC+}
rPois    +         Spirit   .   (helmet restricted)
rElec    .         Reflect  .   t - +1 cloak
rCorr    .         Harm     .   s - +1 pair of gloves
MR       +....     Clarity  +   q - +1 pair of boots
Stlth    ..........             N - amulet of magic regeneration
Regen    0.4/turn               D - +5 ring of protection
MPRegen  0.2/turn               o - ring of poison resistance

@: no status effects
A: retaliatory headbutt, horns 2, thin skeletal structure 1, clarity, dopey 1,
evolution 2
a: Berserk, Trog's Hand, Brothers in Arms, Burn Spellbooks, Renounce Religion


You were on level 2 of the Orcish Mines.
You worshipped Trog.
Trog was exalted by your worship.
You were not hungry.

You visited 4 branches of the dungeon, and saw 22 of its levels.
You also visited: Labyrinth and Sewer.

You collected 1966 gold pieces.
You spent 169 gold pieces at shops.

Inventory:

Hand Weapons
 a - the +7 hand crossbow of the Common Good {elec, rC+ Str+2}
   (You found it on level 3 of the Lair of Beasts)

   It charges the ammunition it shoots with electricity; occasionally upon a
   hit, such missiles may discharge and cause terrible harm.
   It affects your strength (+2).
   It protects you from cold.
 A - a +3 war axe of flaming
 P - a +3 antimagic broad axe (weapon)
Missiles
 O - 54 bolts
Armour
 e - a +3 plate armour of cold resistance (worn)
 m - a +0 shield (worn)
 q - a +1 pair of boots (worn)
 s - a +1 pair of gloves (worn)
 t - a +1 cloak (worn)
Jewellery
 o - a ring of poison resistance (right hand)
 D - a +5 ring of protection (left hand)
 N - an amulet of magic regeneration (around neck)
Wands
 c - a wand of iceblast (3/15)
 w - a wand of disintegration (16/24)
 x - a wand of acid (15/15)
 E - a wand of iceblast (11/15)
 K - a wand of scattershot (6/9)
Scrolls
 d - 3 scrolls of blinking
 g - 2 scrolls of fear
 h - a scroll of magic mapping
 j - 10 scrolls of teleportation
Potions
 b - a potion of cancellation
 u - 3 potions of might
 v - 2 potions of haste
 z - a potion of resistance
 H - 3 potions of invisibility
 M - 6 potions of curing
Books
 Q - the Reference Book on Enchanting Stolen Souls
   (You found it on level 6 of the Lair of Beasts)

   Spells                             Type                      Level
   a - Confusing Touch                Hexes                        1
   b - Dazzling Spray                 Conjuration/Hexes            3
   c - Leda's Liquefaction            Hexes/Earth                  4
   d - Animate Dead                   Necromancy                   4
   e - Yara's Violent Unravelling     Hexes/Transmutation          5
   Trog disapproves of the use of such an item.
Miscellaneous
 y - a lamp of fire
Comestibles
 f - 5 meat rations
 I - 3 fruits


   Skills:
 + Level 9.9 Fighting
 - Level 16.0 Axes
 + Level 17.8 Armour
 - Level 8.0 Dodging
 - Level 15.2 Shields
 + Level 3.9 Evocations


You had 14 spell levels left.
You didn't know any spells.

Dungeon Overview and Level Annotations

Branches:
Dungeon (13/15)            Temple (1/1) D:4            Lair (6/6) D:10
 Shoals (0/4) Lair:4       Spider (0/4) Lair:2        Slime (0/5) Lair:6
    Orc (2/2) D:10
    Elf: Orc:2       Vaults: D:13-14

Altars:
Ashenzari
Cheibriados
Dithmenos
Elyvilon
Fedhas
Gozag
Hepliaklqana
Kikubaaqudgha
Makhleb
Nemelex Xobeh
Okawaru
Qazlal
Ru
Sif Muna
Trog
Uskayaw
Vehumet
Wu Jian
Xom
Yredelemnul
Zin
The Shining One
Beogh

Shops:
D:5 :   D:6 !

Annotations:
Lair:1 exclusion: oklob plant


Innate Abilities, Weirdness & Mutations

You reflexively headbutt those who attack you in melee.
You have a pair of horns on your head.
You have a somewhat thin skeletal structure. (Dex +2, Stealth)
You possess an exceptional clarity of mind.
You are dopey. (Int -2)
You rapidly evolve.


Message History

The orc warrior no longer looks unusually strong.
The orc warrior hits you but does no damage.
The orc knight roars a battlecry!
The orc warrior goes into a battle-frenzy!
The orc warrior hits you from afar with a halberd.
* * * LOW HITPOINT WARNING * * *
You hit the orc knight but do no damage.
You headbutt the orc knight, but do no damage.
The orc knight is almost dead.
You closely miss the orc warrior. You hit the orc.
You kill the orc!
Trog accepts your kill.
The orc warrior hits you with a scimitar!!
* * * LOW HITPOINT WARNING * * *
The orc warrior closely misses you. You block the orc knight's attack.
You feel much better. You block the orc warrior's attack.
The orc warrior hits you with a scimitar!!
* * * LOW HITPOINT WARNING * * *
The orc warrior hits you from afar with a trident!
You die...

## ...# # ##. ....# ..
#.. . ..#.### .###. ####
.. #....## #....... #. #
...##....##....# #.##.##
......o.o#......##......
.......)[....#..........
.......@o)...#..........
....#...o...##.......##.
. ##.....####....###.#
##......#..........
.......#..............
.......#......#.......
.......##.....##......
#.....####....####..#.
##..$# #..### #...#


You could see an orc knight and 3 orc warriors.

Vanquished Creatures
  Rupert (D:12)
  An orc warlord (Orc:1)
  The ghost of HAL9000 the Grappler, a journeyman DrTm of Kikubaaqudgha (Lair:5)
  Snorg (D:12)
  A minotaur (Lab)
  3 hydras
  An ice dragon (Lair:6)
  Harold (Lair:3)
  Fannar (Lair:2)
  4 two-headed ogres
  A centaur warrior (D:12)
  An orc high priest (Orc:1)
  6 death yaks
  Nergalle (D:12)
  4 unseen horrors
  Pikel (D:6)
  4 ugly things
  An orc knight (Orc:1)
  A wolf spider (Lair:2)
  A cyclops (Orc:2)
  An orc sorcerer (Orc:2)
  5 black mambas
  Maurice (Orc:1)
  Joseph (D:7)
  19 elephants
  A torpor snail (Lair:2)
  23 spiny frogs
  A centaur skeleton (D:12)
  2 rime drakes
  A gargoyle (D:10)
  A kobold demonologist (D:12)
  8 komodo dragons
  3 trolls
  2 polar bears
  2 jumping spiders (Lair:2)
  5 tyrant leeches (Lair:6)
  18 blink frogs (Lair:6)
  A meliai zombie (D:12)
  7 dream sheep (Lair:6)
  10 hippogriffs
  2 redbacks (Lair:2)
  A spriggan (Lair:5)
  A vampire (D:10)
  38 yaks
  A wyvern (Lair:3)
  Eustachio (D:6)
  5 basilisks
  6 vampire mosquitoes (Lair:6)
  A hungry ghost (D:10)
  3 wargs
  20 water moccasins
  6 porcupines
  28 orc warriors
  6 ice beasts
  A sky beast (D:10)
  Purgy (Sewer)
  3 black bears
  4 phantoms
  12 wolves
  9 ogres
  3 centaurs
  13 crocodiles
  7 big kobolds
  26 bullfrogs
  A gnoll sergeant (D:6)
  2 wyvern skeletons
  5 scorpions
  15 wights
  15 killer bees
  2 electric eels (D:9)
  4 crimson imps
  2 bullfrog zombies
  2 quasits
  7 jellies
  3 bullfrog skeletons
  A gnoll shaman (D:10)
  5 hounds
  19 orc priests
  9 iguanas
  8 worker ants
  30 orc wizards
  6 hell rats (Lair:2)
  A hound skeleton (D:10)
  2 hound zombies
  A worker ant zombie (D:10)
  3 gnolls (D:10)
  A howler monkey skeleton (D:9)
  10 adders
  6 shadow imps
  3 white imps (Lair:6)
  6 oozes
  An adder skeleton (D:8)
  3 worms
  3 dart slugs
  8 leopard geckos
  108 orcs
  2 ball pythons
  11 giant cockroaches
  7 goblins
  6 hobgoblins
  10 jackals
  2 quokkas
  5 bats
  7 frilled lizards
  A giant cockroach zombie (D:6)
  29 kobolds
  6 rats
  4 fungi
  5 plants
733 creatures vanquished.

Vanquished Creatures (others)
  2 yaks (Lair:6)
  A sky beast (D:11)
  3 slaves (D:6)
  17 fungi
  36 plants
59 creatures vanquished.

Grand Total: 792 creatures vanquished

Notes
Turn   | Place    | Note
-------+----------+-------------------------------------------
     0 | D:1      | KristoblXynda the Minotaur Berserker began the quest for the Orb.
     0 | D:1      | Reached XP level 1. HP: 19/19 MP: 0/0
    98 | D:1      | Reached XP level 2. HP: 21/26 MP: 1/1
   367 | D:1      | Reached XP level 3. HP: 31/31 MP: 2/2
   385 | D:2      | Found a radiant altar of Vehumet.
   462 | D:2      | Found a white marble altar of Elyvilon.
   561 | D:2      | Found a shimmering altar of Xom.
   564 | D:2      | Noticed an angel
   567 | D:2      | Found a glowing silver altar of Zin.
   753 | D:2      | Found a blossoming altar of Fedhas.
   753 | D:2      | Found an ancient bone altar of Kikubaaqudgha.
   859 | D:2      | Found a bloodstained altar of Trog.
  1179 | D:3      | Reached skill level 3 in Armour
  1193 | D:3      | Reached ** piety under Trog
  1297 | D:3      | Reached XP level 4. HP: 33/39 MP: 3/3
  1303 | D:3      | Found a glowing drain.
  1320 | Sewer    | Entered a sewer
  1369 | Sewer    | Noticed Purgy
  1379 | Sewer    | Killed Purgy
  1379 | Sewer    | Reached skill level 5 in Axes
  1379 | Sewer    | Reached skill level 4 in Armour
  1379 | Sewer    | Reached XP level 5. HP: 45/45 MP: 4/4
  1396 | Sewer    | Got a steaming marble ring
  1401 | Sewer    | Identified the cursed ring of the Curious Demons {Int+2 Slay-6} (You found it in a sewer)
  2103 | D:4      | Reached *** piety under Trog
  2114 | D:4      | Reached XP level 6. HP: 51/51 MP: 5/5
  2238 | D:4      | Reached skill level 5 in Armour
  2450 | D:4      | Found a snail-covered altar of Cheibriados.
  2467 | D:4      | Found a staircase to the Ecumenical Temple.
  2496 | D:4      | Reached skill level 5 in Dodging
  2496 | D:4      | Reached XP level 7. HP: 46/57 MP: 6/6
  2561 | Temple   | Entered the Ecumenical Temple
  2820 | D:4      | Found a sparkling altar of Nemelex Xobeh.
  3154 | D:4      | Found an iron altar of Okawaru.
  3203 | D:5      | Entered Level 5 of the Dungeon
  3628 | D:5      | Reached skill level 6 in Armour
  3799 | D:5      | Found Otout's Book Shop.
  4305 | D:6      | Noticed Pikel
  4312 | D:6      | Killed Pikel
  4312 | D:6      | Reached skill level 7 in Armour
  4312 | D:6      | Reached XP level 8. HP: 64/64 MP: 7/7
  4456 | D:6      | Found a stormy altar of Qazlal.
  4685 | D:6      | Noticed Eustachio
  4706 | D:6      | Killed Eustachio
  4706 | D:6      | Reached skill level 8 in Armour
  4721 | D:6      | Reached XP level 9. HP: 40/70 MP: 8/8
  4970 | D:6      | Found Aniopuz's Distillery.
  4974 | D:6      | Gained mutation: Your spells are a little harder to cast, but a little more powerful. [potion of mutation]
  4974 | D:6      | Gained mutation: Your mind is acute. (Int +2) [potion of mutation]
  4975 | D:6      | Bought a potion of mutation for 104 gold pieces
  4975 | D:6      | Bought a potion of heal wounds for 65 gold pieces
  5206 | D:7      | Reached **** piety under Trog
  5212 | D:7      | Reached skill level 1 in Shields
  5218 | D:7      | Reached skill level 9 in Armour
  5448 | D:7      | Noticed Joseph
  5465 | D:7      | Killed Joseph
  5465 | D:7      | Reached skill level 10 in Axes
  5726 | D:7      | Found a shattered altar of Ashenzari.
  5743 | D:7      | Reached skill level 10 in Armour
  6029 | D:7      | Reached XP level 10. HP: 76/77 MP: 9/9
  6076 | D:7      | Reached skill level 5 in Shields
  6380 | D:8      | Found a shadowy altar of Dithmenos.
  6396 | D:8      | Reached ***** piety under Trog
  7134 | D:9      | Reached skill level 11 in Armour
  7710 | D:10     | Entered Level 10 of the Dungeon
  7760 | D:10     | Found a staircase to the Lair.
  7782 | D:10     | Noticed a cyan ugly thing
  7795 | D:10     | Killed a cyan ugly thing
  7969 | D:10     | Gained mutation: You possess an exceptional clarity of mind. [mutagenic meat]
  7981 | D:10     | Noticed a gargoyle
  7985 | D:10     | Killed a gargoyle
  8008 | D:10     | Found a staircase to the Orcish Mines.
  8123 | D:10     | Noticed a red ugly thing
  8308 | D:10     | Reached XP level 11. HP: 48/82 MP: 10/10
  8732 | D:10     | Noticed a two-headed ogre
  8742 | D:10     | Received a gift from Trog
  8747 | D:10     | Killed a two-headed ogre
  8747 | D:10     | Reached skill level 12 in Armour
  8781 | D:10     | Killed a red ugly thing
  8784 | D:10     | Killed an unseen horror
  8820 | D:10     | Gained mutation: Armour fits poorly on your strangely shaped body. [mutagenic meat]
  8821 | D:10     | Gained mutation: Your flesh is heat resistant. (rF+) [mutagenic meat]
  9425 | D:11     | Noticed a green ugly thing
  9434 | D:11     | Killed a green ugly thing
  9478 | D:11     | Gained mutation: You are occasionally teleported next to monsters. [mutagenic meat]
  9479 | D:11     | Gained mutation: Your spells are harder to cast, but more powerful. [mutagenic meat]
  9481 | D:11     | Lost mutation: Your flesh is heat resistant. (rF+) [potion of mutation]
  9481 | D:11     | Lost mutation: Your mind is acute. (Int +2) [potion of mutation]
  9481 | D:11     | Lost mutation: Armour fits poorly on your strangely shaped body. [potion of mutation]
  9481 | D:11     | Lost mutation: Your spells are harder to cast, but more powerful. [potion of mutation]
  9481 | D:11     | Lost mutation: You are occasionally teleported next to monsters. [potion of mutation]
  9481 | D:11     | Gained mutation: You evolve. [potion of mutation]
  9481 | D:11     | Gained mutation: You rapidly evolve. [potion of mutation]
  9629 | D:11     | Found a labyrinth entrance.
  9648 | Lab      | Entered a labyrinth
  9802 | Lab      | Noticed a minotaur
  9814 | Lab      | Killed a minotaur
  9847 | Lab      | Gained mutation: You have supernaturally acute eyesight. (SInv) [evolution]
  9869 | D:11     | Noticed an unseen horror
  9885 | D:11     | Killed an unseen horror
  9885 | D:11     | Received a gift from Trog
  9885 | D:11     | Reached skill level 13 in Armour
  9885 | D:11     | Reached skill level 10 in Shields
  9893 | D:11     | Noticed an unseen horror
  9899 | D:11     | Killed an unseen horror
 10012 | D:11     | Noticed an unseen horror
 10026 | D:11     | Killed an unseen horror
 10217 | D:12     | Noticed a two-headed ogre
 10229 | D:12     | Killed a two-headed ogre
 10229 | D:12     | Reached XP level 12. HP: 82/90 MP: 11/11
 10284 | D:12     | Noticed Rupert
 10299 | D:12     | Killed Rupert
 10338 | D:12     | Noticed a two-headed ogre
 10345 | D:12     | Killed a two-headed ogre
 10395 | D:12     | Reached skill level 14 in Armour
 10480 | D:12     | Noticed a centaur warrior
 10483 | D:12     | Noticed Nergalle
 10488 | D:12     | Killed a centaur warrior
 10518 | D:12     | Killed Nergalle
 10965 | D:12     | Gained mutation: You have a somewhat thin skeletal structure. (Dex +2, Stealth) [evolution]
 10977 | D:12     | Noticed Snorg
 10986 | D:12     | Killed Snorg
 11400 | Lair:1   | Entered Level 1 of the Lair of Beasts
 11470 | Lair:1   | Noticed an eight-headed hydra
 11486 | Lair:1   | Killed a two-headed hydra
 11896 | Lair:1   | Noticed a six-headed hydra
 11904 | Lair:1   | Killed a three-headed hydra
 12096 | Lair:2   | Received a gift from Trog
 12106 | Lair:2   | Found a hole to the Spider Nest.
 12117 | Lair:2   | Reached skill level 15 in Axes
 12117 | Lair:2   | Reached XP level 13. HP: 72/95 MP: 12/12
 12130 | Lair:2   | Reached skill level 15 in Armour
 12200 | Lair:2   | Reached ****** piety under Trog
 12201 | Lair:2   | Received a gift from Trog
 12491 | Lair:2   | Lost mutation: You have supernaturally acute eyesight. (SInv) [evolution]
 12545 | Lair:2   | Noticed Fannar
 12558 | Lair:2   | Killed Fannar
 13664 | Lair:3   | Lost mutation: Your spells are a little harder to cast, but a little more powerful. [evolution]
 14087 | Lair:3   | Found a hide-covered altar of Uskayaw.
 14117 | Lair:3   | Got a dazzling hand crossbow
 14118 | Lair:3   | Identified the +7 hand crossbow of the Common Good {elec, rC+ Str+2} (You found it on level 3 of the Lair of Beasts)
 14190 | Lair:3   | Noticed Harold
 14210 | Lair:3   | Killed Harold
 14666 | Lair:4   | Reached skill level 16 in Armour
 15229 | Lair:4   | Found a staircase to the Shoals.
 15391 | Lair:5   | Received a gift from Trog
 15628 | Lair:5   | Reached skill level 5 in Fighting
 15711 | Lair:5   | Reached XP level 14. HP: 97/107 MP: 13/13
 16327 | Lair:5   | Noticed HAL9000's ghost (journeyman DrTm)
 16367 | Lair:5   | Killed HAL9000's ghost
 16698 | Lair:6   | Entered Level 6 of the Lair of Beasts
 16766 | Lair:6   | Received a gift from Trog
 16851 | Lair:6   | Found a staircase to the Slime Pits.
 16940 | Lair:6   | Reached skill level 15 in Shields
 16971 | Lair:6   | Reached skill level 17 in Armour
 17065 | Lair:6   | Gained mutation: You are dopey. (Int -2) [evolution]
 17153 | Lair:6   | Reached skill level 1 in Evocations
 17528 | Lair:6   | Identified the Reference Book on Enchanting Stolen Souls
 18013 | Orc:1    | Entered Level 1 of the Orcish Mines
 18158 | Orc:1    | Noticed Maurice
 18178 | Orc:1    | Killed Maurice
 18229 | Orc:1    | Noticed an orc warlord
 18233 | Orc:1    | Received a gift from Trog
 18259 | Orc:1    | Killed an orc warlord
 18259 | Orc:1    | Reached XP level 15. HP: 108/125 MP: 5/16
 18308 | Orc:1    | Found a roughly hewn altar of Beogh.
 18609 | Orc:2    | Entered Level 2 of the Orcish Mines
 18813 | Orc:2    | Slain by an orc warrior

Vault maps used:
D:1:      roderic_dead_forest, kennysheep_flooded_box
D:2:      grunt_temple_overflow_order_and_chaos_1,
          grunt_temple_overflow_growth_and_decay, lemuel_round_altar,
          old_standard_altar, elyvilon_altar_1
D:3:      gup_sewer_entry_pipe
D:4:      cheibrodos_old_hovel, kennysheep_mini_moat,
          nemelex_xobeh_ov_fountains_minmay, kennysheep_slug_shrine,
          minmay_temple_entry_statues, first_bread, kennysheep_diamond
D:5:      serial_shops, shop
D:6:      lemuel_round_altar, serial_shops, shop, sword_in_stone, uniq_pikel
D:7:      nicolae_overflow_crystal_walls, grunt_ogre_cave, uniq_joseph
D:8:      grunt_dithmenos_smoke
D:9:      serial_bayou, serial_bayou_shore_b, serial_bayou_pond_c,
          serial_bayou_crossing, serial_bayou_shore_b
D:10:     dpeg_oklobed_lair, hiddenorc2_lemuel, minmay_joined_circles
D:11:     lab_entry_generic, st_stairs_12
D:12:     uniq_snorg, uniq_nergalle, uniq_rupert
D:13:     david_vaults_1
Temple:   compressed_dpeg_triangle_lava_temple
Lair:1:   grunt_megastairs_2, minmay_lair_oklob_chamber
Lair:2:   spider_nest_entry_funnel_web, grunt_megastairs_1, uniq_fannar
Lair:3:   basic_altar, st_stairs_6, uniq_harold
Lair:4:   shoals_dummy_entry
Lair:5:   grunt_forest_stairs_clearing
Lair:6:   minmay_lair_end_frog_pond, nicolae_slime_entry_slimehenge,
          bobbens_ice_dragon_lair, serial_bayou_shore_a
Orc:1:    basic_altar, uniq_maurice
Orc:2:    pf_orc_diabolical, serial_shops, nicolae_shop_window_shopping
Lab:      labyrinth_watery, nicolae_lab_flowing_pool, nicolae_lab_starburst,
          nicolae_lab_plus, nicolae_lab_do_over, nicolae_lab_x
Sewer:    sewer_the_crocodile

Skill      XL: |  1  2  3  4  5  6  7  8  9 10 11 12 13 14 |
---------------+-------------------------------------------+-----
Axes           | 4 5 6 8 9 10 12 13 15 16 | 16.0
Dodging        | 3 4 5 6 7 8 |  8.0
Armour         | 3 4 5 7 8 10 11 13 14 16 17 | 17.8
Shields        | 4 7 10 12 14 15 | 15.2
Fighting       | 5 9 |  9.9
Evocations     | 3 |  3.9

Action                   |  1- 3 |  4- 6 |  7- 9 | 10-12 | 13-15 || total
-------------------------+-------+-------+-------+-------+-------++-------
Melee: Hand axe          |    64 |       |       |       |       ||    64
       Headbutt          |    11 |    12 |    50 |   145 |   247 ||   465
       Whip              |    28 |   106 |   269 |       |       ||   403
       War axe           |       |       |       |   725 |   804 ||  1529
       Battleaxe         |       |       |       |    30 |       ||    30
       Broad axe         |       |       |       |       |   143 ||   143
Invok: Berserk           |       |     2 |     2 |     4 |     3 ||    11
       Trog's Hand       |       |       |     1 |     2 |       ||     3
       Burn Spellbooks   |       |       |       |       |     3 ||     3
Evoke: Wand              |       |       |       |     4 |       ||     4
  Use: Scroll            |       |    13 |    11 |    11 |    10 ||    45
       Potion            |       |       |     1 |     8 |     2 ||    11
  Eat: Bread ration      |     1 |       |       |       |       ||     1
       Chunk             |       |     1 |     9 |    23 |    19 ||    52
       Fruit             |       |     1 |     2 |     6 |     5 ||    14
       Royal jelly       |       |       |     1 |     2 |     1 ||     4
       Meat ration       |       |       |       |     1 |       ||     1
Armor: Animal skin       |     1 |       |       |       |       ||     1
       Leather armour    |    24 |    17 |       |       |       ||    41
       Ring mail         |       |    13 |    23 |       |       ||    36
       Scale mail        |       |       |    27 |       |       ||    27
       Chain mail        |       |       |    65 |   169 |       ||   234
       Plate armour      |       |       |       |   346 |   408 ||   754
Dodge: Dodged            |    60 |    63 |   137 |   315 |   306 ||   881
Block: Shield            |       |       |       |   458 |   665 ||  1123
